 Dungeon Crawl Stone Soup version 0.31.0-32-g396128a36d (webtiles) character file.

Game seed: 5797660117760792530

172 PaiMei the Grave Robber (level 5, 0/38 HPs)
             Began as a Demonspawn Necromancer on Apr 25, 2024.
             Slain by a gnoll
             ... wielding a +0 halberd
             ... led by a gnoll bouda
              (6 damage)
             ... on level 3 of the Dungeon.
             The game lasted 00:05:08 (4149 turns).

PaiMei the Grave Robber (Demonspawn Necromancer)    Turns: 4149, Time: 00:05:09

Health: 0/38       AC: 11    Str:  8    XL:     5   Next: 27%
Magic:  0/9        EV: 12    Int: 24    God:
Gold:   252        SH:  5    Dex: 13    Spells: 2/10 levels left

rFire   . . .        d - +0 long sword
rCold   . . .        (no shield)
rNeg    . . .        m - +3 leather armour
rPois   .            p - +0 helmet
rElec   .            (no cloak)
rCorr   .            (no gloves)
SInv    .            (no boots)
Will    .....        i - amulet of reflection
Stlth   ++           g - +6 ring of intelligence
HPRegen 0.26/turn    j - +4 ring of protection
MPRegen 0.11/turn

%: reflection
@: no status effects
A: weakness stinger 2
a: no special abilities


You were on level 3 of the Dungeon.
You visited 1 branch of the dungeon, and saw 4 of its levels.

You collected 252 gold pieces.

Inventory:

Hand Weapons
 d - a +0 long sword (weapon)
Missiles
 a - 6 poisoned darts (quivered)
Armour
 e - an orb of mayhem
 m - a +3 leather armour (worn)
 p - a +0 helmet (worn)
Jewellery
 g - a +6 ring of intelligence (left hand)
 i - an amulet of reflection (around neck)
 j - a +4 ring of protection (right hand)
 r - a ring of magical power
Scrolls
 c - 2 scrolls of vulnerability {unknown}
 f - 2 scrolls of enchant armour {unknown}
 k - a scroll of immolation {unknown}
 l - 4 scrolls of identify {unknown}
 n - 2 scrolls of revelation {unknown}
 o - a scroll of amnesia {unknown}
 s - a scroll of silence {unknown}
Potions
 b - a potion of magic
 h - 3 potions of curing {unknown}
 q - a potion of lignification {unknown}


   Skills:
 + Level 2.0 Fighting
 + Level 2.9 Dodging
 - Level 2.0 Stealth
 + Level 3.0 Spellcasting
 + Level 5.2 Necromancy


You had 2 spell levels left.
You knew the following spells:

 Your Spells              Type           Power      Damage    Failure   Level
a - Necrotise             Necr           100%       1d9       1%          1
b - Vampiric Draining     Necr           28%        2d8       5%          3
c - Animate Dead          Necr           28%        N/A       19%         4

Your spell library contained the following spells:

 Spells                   Type           Power      Damage    Failure   Level
 Magic Dart               Conj           12%        1d3       16%         1
 Searing Ray              Conj           6%         2d4       24%         2
 Gell's Gravitas          Tloc           3%         N/A       43%         3
 Teleport Other           Tloc           3%         N/A       43%         3
 Tukima's Dance           Hex            3%         N/A       43%         3
 Curse of Agony           Necr           28%        N/A       45%         5
 Dimensional Bullseye     Hex/Tloc       1%         N/A       83%         4
 Fulminant Prism          Conj/Alch      1%         3d5       83%         4
 Iskenderun's Mystic Bla  Conj/Tloc      3%         2d3       83%         4
 Dispersal                Tloc           1%         N/A       100%        6


Dungeon Overview and Level Annotations

Branches:
Dungeon (4/15)
 Temple: D:4-7

Altars:
Nemelex Xobeh
Wu Jian

Annotations:
D:4 Dowan, Duvessa


Innate Abilities, Weirdness & Mutations

You have a tail ending in a sharp stinger.


Message History

a +0 club; a +0 robe; a gnoll corpse
Casting: Vampiric Draining (dangerous; 5% risk of failure)
Confirm with . or Enter, or press ? or * to list all spells.
You don't have enough magic to cast this spell.
Casting: Vampiric Draining (dangerous; 5% risk of failure)
Confirm with . or Enter, or press ? or * to list all spells.
You don't have enough magic to cast this spell.
Casting: Vampiric Draining (dangerous; 5% risk of failure)
Confirm with . or Enter, or press ? or * to list all spells.
You don't have enough magic to cast this spell.
Casting: Vampiric Draining (dangerous; 5% risk of failure)
Confirm with . or Enter, or press ? or * to list all spells.
You don't have enough magic to cast this spell.
You block the gnoll's attack.
The gnoll hits you from afar with a +0 halberd!
The gnoll completely misses you. The gnoll barely misses you.
The gnoll hits you with a +0 halberd!
* * * LOW HITPOINT WARNING * * *
Things that are here:
a +0 club; a +0 robe; a gnoll corpse The gnoll barely misses you. x2
You block the gnoll's attack. The gnoll attacks as it pursues you!
The gnoll closely misses you. The gnoll attacks as it pursues you!
The gnoll barely misses you. The gnoll attacks as it pursues you!
The gnoll hits you but does no damage.
The gnoll is no longer moving quickly.
The gnoll hits you with a +0 flail.
* * * LOW HITPOINT WARNING * * *
The gnoll hits you but does no damage. The gnoll attacks as it pursues you!
You block the gnoll's attack. The gnoll attacks as it pursues you!
The gnoll hits you from afar with a +0 halberd.
* * * LOW HITPOINT WARNING * * *
Casting: Vampiric Draining (dangerous; 5% risk of failure)
Confirm with . or Enter, or press ? or * to list all spells.
Aiming: Vampiric Draining (dangerous; 5% risk of failure)
Press: ? - help, Shift-Dir - straight line, f - gnoll
Aim: a gnoll, wielding a +0 flail You draw life force from the gnoll!
You feel life coursing into your body.
The gnoll hits you from afar with a +0 halberd.
You die...

..######..#####.####.# #.....
..........# #.# ##.## #.....
#########.#####.# #...# #.###. #
##.......# #...# #.###. #
##...###### #...# #.#... #
##.....## ##.## #.#.## ##
##.......## ##..# #.#.##
†####.........####g..#######.....
....'.........'.@gg.....)........
.####.........####.......#####.#.
## ##.......## #...###.# #.## #
##.....## #.#.....# #.## #
##...## #.#..#..# #.# # ##'##
#.##....# #.# # #.# #.###.#.# #.#
# #.# #......<# #.# #
##.############.### #.#


You could see 3 gnolls.

Vanquished Creatures
  A gnoll bouda (D:3)
  Terence (D:2)
  Robin (D:2)
  A gnoll (D:3)
  An adder (D:2)
  3 dart slugs
  A ribbon worm (D:3)
  2 orcs (D:3)
  4 ball pythons
  7 endoplasms
  A giant cockroach (D:3)
  3 hobgoblins
  3 jackals (D:4)
  7 kobolds
  3 quokkas (D:1)
  5 bats
  18 goblins
  6 rats (D:1)
68 creatures vanquished.

Vanquished Creatures (collateral kills)
  A goblin (D:2)
  A frilled lizard (D:1)
2 creatures vanquished.

Grand Total: 70 creatures vanquished

Notes
Turn   | Place    | Note
-------+----------+-------------------------------------------
     0 | D:1      | PaiMei the Demonspawn Necromancer began the quest for the
                  | Orb.
     0 | D:1      | Reached XP level 1. HP: 13/13 MP: 3/3
   103 | D:1      | Discovered your monstrous ancestry.
   103 | D:1      | Gained mutation: You have a small tail. [demonic ancestry]
   103 | D:1      | Reached XP level 2. HP: 12/19 MP: 0/5
   513 | D:1      | Gained mutation: You have a tail ending in a sharp stinger.
                  | [demonic ancestry]
   513 | D:1      | Reached XP level 3. HP: 25/25 MP: 6/6
   934 | D:1      | Learned a level 3 spell: Vampiric Draining
   962 | D:2      | Found a faded altar of an unknown god.
   980 | D:2      | Reached skill level 1 in Fighting
  1111 | D:2      | Noticed Robin
  1642 | D:2      | Killed Robin
  1643 | D:2      | Reached XP level 4. HP: 32/32 MP: 1/7
  1746 | D:2      | Found a sparkling altar of Nemelex Xobeh.
  1773 | D:2      | Noticed Terence
  1779 | D:2      | Killed Terence
  1780 | D:2      | Reached skill level 5 in Necromancy
  2508 | D:2      | Learned a level 4 spell: Animate Dead
  3103 | D:3      | Reached XP level 5. HP: 38/38 MP: 2/9
  3168 | D:3      | Found an ornate altar of the Wu Jian Council.
  3913 | D:4      | Noticed Duvessa
  3917 | D:4      | Noticed Dowan
  4146 | D:3      | HP: 1/38 [gnoll/+0 halberd[a gnoll bouda] (4)]
  4149 | D:3      | Slain by a gnoll

Illustrated notes

Levels and vault maps discovered:
D:1:      onia_arrival_mini_maze, layout_rooms, minmay_close_crescents
D:2:      layout_basic, nicolae_ecumenical_lake_church, basic_altar, uniq_robin,
          uniq_terence
D:3:      layout_loops_corners, marbit_many_paths
D:4:      layout_rooms, uniq_ijyb, uniq_duvessa

Skill      XL: |  1  2  3  4  5 |
---------------+----------------+-----
Stealth        | 2 |  2.0
Dodging        | 2 |  2.9
Fighting       | 1 2 |  2.0
Necromancy     | 5 |  5.2
Spellcasting   | 3 |  3.0

Action                     |  1- 3 |  4- 6 || total
---------------------------+-------+-------++-------
  Melee: Long sword        |    56 |     3 ||    59
         Tailslap          |     6 |     1 ||     7
   Cast: Necrotise         |    40 |    47 ||    87
         Vampiric Draining |       |     3 ||     3
 Armour: Robe              |     2 |       ||     2
         Scale mail        |    43 |       ||    43
         Leather armour    |    19 |    19 ||    38
  Dodge: Dodged            |    47 |    19 ||    66
  Block: Other             |    10 |     5 ||    15
